 Dungeon Crawl Stone Soup version 0.29-a0-369-gd956c00756 (webtiles) character file.

Game seed: 11516105789290276149

333 croobank the Covert (level 6, -3/70 (79) HPs)
             Began as a Gnoll Delver on May 1, 2022.
             Was an Initiate of Gozag.
             Slain by a wight
             ... wielding a +0 great sword
              (9 damage)
             ... on level 5 of the Dungeon.
             The game lasted 00:11:05 (2591 turns).

croobank the Covert (Gnoll Delver)                  Turns: 2591, Time: 00:11:06

HP:   -3/70 (79)    AC:  5    Str: 13    XL:     6   Next: 52%
MP:   9/9           EV: 12    Int:  9    God:    Gozag
Gold: 88            SH:  0    Dex: 14    Spells: 9/9 levels left

rFire   . . .      SeeInvis .   a - +1 hand axe
rCold   . . .      Faith    .   (no shield)
rNeg    . . .      Spirit   .   s - +0 ring mail
rPois   .          Reflect  .   (no helmet)
rElec   .          Harm     .   (no cloak)
rCorr   .          Rampage  .   (no gloves)
Will    +....                   (no boots)
Stlth   ..........              n - amulet of Ceossaci {Fly Regen+ Slay+3}
HPRegen 1.01/turn               t - ring of willpower
MPRegen 0.11/turn               (no ring)

@: berserking, flying, hasted, heavily drained, very quick
A: fangs 1, strong nose, distributed training
a: Renounce Religion, Potion Petition, Call Merchant, Bribe Branch


You were on level 5 of the Dungeon.
You worshipped Gozag.
Gozag was noncommittal.
You visited 2 branches of the dungeon, and saw 6 of its levels.

You collected 178 gold pieces.
You paid 90 gold pieces to Gozag.

Inventory:

Hand Weapons
 a - a +1 hand axe (weapon)
 b - a +0 hunting sling
 e - a +0 rapier
 j - a +0 whip
 m - a +0 hand crossbow
 r - a +0 quarterstaff
Missiles
 l - 135 stones (quivered)
Armour
 k - a +0 leather armour
 s - a +0 ring mail (worn)
Jewellery
 n - the amulet of Ceossaci (around neck) {Fly Regen+ Slay+3}
   (You acquired it on level 1 of the Dungeon)

   [amulet of regeneration]

   Slay:      It affects your accuracy & damage with ranged weapons and melee
   (+3).
   Fly:       It grants you flight.
   Regen:     It increases your rate of health regeneration.
 t - a ring of willpower (left hand)
Wands
 g - a wand of digging (3)
 p - a wand of iceblast (2)
Scrolls
 c - a scroll of fog
 q - a scroll of magic mapping
 w - a scroll of blinking {unknown}
 x - a scroll of identify
 y - 3 scrolls of summoning {unknown}
Potions
 d - a potion of might
 f - a potion of haste
 h - 2 potions of lignification
 i - a potion of magic
 o - a potion of ambrosia


   Skills:
 + Level 6.8 Fighting
 + Level 2.0 Short Blades
 + Level 2.0 Long Blades
 + Level 5.0 Axes
 + Level 2.0 Maces & Flails
 + Level 2.0 Polearms
 + Level 2.0 Staves
 + Level 2.0 Slings
 + Level 2.0 Bows
 + Level 2.0 Crossbows
 + Level 2.0 Throwing
 + Level 2.0 Armour
 + Level 5.0 Dodging
 + Level 9.8 Stealth
 + Level 2.0 Shields
 + Level 2.0 Unarmed Combat
 + Level 2.0 Spellcasting
 + Level 1.5 Conjurations
 + Level 1.5 Hexes
 + Level 1.5 Summonings
 + Level 1.5 Necromancy
 + Level 1.5 Translocations
 + Level 1.5 Transmutations
 + Level 1.5 Fire Magic
 + Level 1.5 Ice Magic
 + Level 1.5 Air Magic
 + Level 1.5 Earth Magic
 + Level 1.5 Poison Magic
 + Level 2.2 Invocations
 + Level 2.0 Evocations


You had 9 spell levels left.
You didn't know any spells.
Your spell library was empty.

Dungeon Overview and Level Annotations

Branches:
Dungeon (5/15)             Temple (1/1) D:4

Altars:
Ashenzari
Cheibriados
Dithmenos
Elyvilon
Gozag
Hepliaklqana
Kikubaaqudgha
Makhleb
Nemelex Xobeh
Okawaru
Qazlal
Ru
Sif Muna
Trog
Uskayaw
Vehumet
Wu Jian
Xom
Yredelemnul
Zin
The Shining One


Innate Abilities, Weirdness & Mutations

You have very sharp teeth.
Your uncanny sense of smell can sniff out nearby items.
Your experience applies equally to all skills.


Message History

You feel drained. The wight attacks as you move away!
The wight hits you with a +0 great sword.
You feel drained. The wight attacks as you move away!
The wight hits you with a +0 great sword!
You feel drained.
There is an open door here.
The wight is distracted by your dazzling golden aura.
You closely miss the wight.
The wight is moderately damaged.
The wight is no longer distracted by gold.
The wight barely misses you.
You hit the wight. You bite the wight.
The wight is severely damaged.
The wight barely misses you.
There is a stone staircase leading down here.
The wight hits you with a +0 great sword!
You fly downwards.
There is a stone staircase leading up here.
You feel yourself speed up. The wight closely misses you.
You hit the wight.
The wight is severely damaged.
The wight hits you with a +0 great sword.
You feel drained.
You hit the wight but do no damage.
The wight is severely damaged.
The wight hits you with a +0 great sword!
* * * LOW HITPOINT WARNING * * *
Okay, then.
It was a potion of flight.
You feel more buoyant.
It was a potion of berserk rage.
A red film seems to cover your vision as you go berserk!
You feel yourself moving faster!
You feel mighty! The wight barely misses you.
You barely miss the wight.
The wight is severely damaged.
The wight hits you with a +0 great sword!
You die...
Your body crumbles into a pile of gold.

,**,,,,* *,,,,,***,,,,,,,,,,,,,,
,**,**,* *,,,,,,**,*,,,,,,,,,,,,
,**,**,* *,,,,,,,,,,,,,,,,,,$,,,
,,$,,,,* *,,,,,***<**,,.#,*****,
***,**** ***,,,,,,,**.#.#,* *,
*,** *******,**...,,* *, *,,*
*,,,(.,*** **,
***,**###########**##.##### *,,
*,,,,,.........@# #....>.# *,*
*,*,**.........z####..#*#.##**,*
*,*,**................##...,,*,*
*,*,,,..........####.#...#**,*.*
*,****..........# #.#.#.##*,..,
*,,,,,..........# #......##.#,,
******#.........# #.........#**
#.........# ##.#<..#### *
#.........# #.....# *


You could see a wight.

Vanquished Creatures
  A phantom (D:4)
  A necrophage (D:4)
  A scorpion (D:4)
  An orc priest (D:3)
  Jessica (D:2)
  An adder (D:3)
  A worm (D:3)
  3 dart slugs
  2 orcs (D:3)
  7 endoplasms
  4 giant cockroaches
  6 goblins
  8 hobgoblins
  4 jackals (D:1)
  6 kobolds
  5 quokkas
  5 ball pythons
  A bat (D:1)
  A frilled lizard (D:1)
  5 rats
64 creatures vanquished.

Notes
Turn   | Place    | Note
-------+----------+-------------------------------------------
     0 | D:5      | Reached skill level 9 in Stealth
     0 | D:5      | croobank the Gnoll Delver began the quest for the Orb.
     0 | D:5      | Reached XP level 1. HP: 23/23 MP: 1/1
     6 | D:5      | Noticed a black bear
    39 | D:5      | Noticed a jelly
    74 | D:4      | Noticed a scorpion
   108 | D:4      | Noticed a wight
   108 | D:4      | Noticed a wight
   423 | D:3      | Noticed a phantom
   446 | D:3      | Reached XP level 2. HP: 24/29 MP: 2/2
   697 | D:3      | Reached skill level 1 in Invocations
   697 | D:3      | Reached XP level 3. HP: 35/35 MP: 2/4
   698 | D:3      | Reached skill level 1 in Short Blades
   698 | D:3      | Reached skill level 1 in Long Blades
   698 | D:3      | Reached skill level 1 in Maces & Flails
   698 | D:3      | Reached skill level 1 in Polearms
   698 | D:3      | Reached skill level 1 in Staves
   698 | D:3      | Reached skill level 1 in Slings
   698 | D:3      | Reached skill level 1 in Bows
   698 | D:3      | Reached skill level 1 in Crossbows
   698 | D:3      | Reached skill level 1 in Throwing
   698 | D:3      | Reached skill level 1 in Armour
   698 | D:3      | Reached skill level 1 in Shields
   698 | D:3      | Reached skill level 1 in Unarmed Combat
   698 | D:3      | Reached skill level 1 in Spellcasting
   698 | D:3      | Reached skill level 1 in Evocations
   760 | D:3      | Reached XP level 4. HP: 41/41 MP: 5/5
   839 | D:2      | Noticed Jessica
   841 | D:2      | Killed Jessica
   842 | D:2      | Reached skill level 1 in Conjurations
   842 | D:2      | Reached skill level 1 in Hexes
   842 | D:2      | Reached skill level 1 in Summonings
   842 | D:2      | Reached skill level 1 in Necromancy
   842 | D:2      | Reached skill level 1 in Translocations
   842 | D:2      | Reached skill level 1 in Transmutations
   842 | D:2      | Reached skill level 1 in Fire Magic
   842 | D:2      | Reached skill level 1 in Ice Magic
   842 | D:2      | Reached skill level 1 in Air Magic
   842 | D:2      | Reached skill level 1 in Earth Magic
   842 | D:2      | Reached skill level 1 in Poison Magic
  1218 | D:1      | Reached XP level 5. HP: 47/47 MP: 6/6
  1271 | D:1      | Identified a scroll of acquirement
  1271 | D:1      | Acquired the amulet of Ceossaci {Fly Regen+ Slay+3}
  1845 | D:2      | Found a faded altar of an unknown god.
  2079 | D:2      | You are sucked into a shaft and drop 2 floors!
  2079 | D:4      | Noticed a phantom
  2083 | D:4      | Killed a phantom
  2092 | D:4      | Found a staircase to the Ecumenical Temple.
  2108 | D:4      | Reached XP level 6. HP: 49/53 MP: 8/8
  2145 | Temple   | Entered the Ecumenical Temple
  2285 | Temple   | Became a worshipper of Gozag Ym Sagoz the Greedy
  2570 | D:4      | Reached skill level 5 in Axes
  2570 | D:4      | Reached skill level 5 in Dodging
  2588 | D:5      | HP: 2/47 [wight/+0 great sword (15)]
  2591 | D:5      | Slain by a wight

Illustrated notes

Levels and vault maps discovered:
D:1:      moated_graveyard_arrival, layout_basic,
          nicolae_concentric_dashed_squares_wild
D:2:      layout_rooms, nicolae_ecumenical_oubliette, minmay_misc_feat_tower,
          minmay_crystal_room, uniq_jessica
D:3:      layout_basic
D:4:      layout_gridville, minmay_temple_entry_mist, minmay_surrounded
D:5:      layout_loops_cross
Temple:   roderic_octagonal_lattice_temple

Skill      XL: |  1  2  3  4  5  6 |
---------------+-------------------+-----
Stealth        | |  9.8
Invocations    | 1 2 |  2.2
Short Blades   | 1 2 |  2.0
Long Blades    | 1 2 |  2.0
Maces & Flails | 1 2 |  2.0
Polearms       | 1 2 |  2.0
Staves         | 1 2 |  2.0
Slings         | 1 2 |  2.0
Bows           | 1 2 |  2.0
Crossbows      | 1 2 |  2.0
Throwing       | 1 2 |  2.0
Armour         | 1 2 |  2.0
Shields        | 1 2 |  2.0
Unarmed Combat | 1 2 |  2.0
Spellcasting   | 1 2 |  2.0
Evocations     | 1 2 |  2.0
Conjurations   | 1 |  1.5
Hexes          | 1 |  1.5
Summonings     | 1 |  1.5
Necromancy     | 1 |  1.5
Translocations | 1 |  1.5
Transmutations | 1 |  1.5
Fire Magic     | 1 |  1.5
Ice Magic      | 1 |  1.5
Air Magic      | 1 |  1.5
Earth Magic    | 1 |  1.5
Poison Magic   | 1 |  1.5
Axes           | 5 |  5.0
Dodging        | 5 |  5.0
Fighting       | |  6.8

Action                   |  1- 3 |  4- 6 || total
-------------------------+-------+-------++-------
Melee: Hand axe          |    42 |    80 ||   122
       Bite              |     3 |     5 ||     8
       Punch             |     1 |     1 ||     2
Evoke: Wand              |     4 |     6 ||    10
  Use: Scroll            |     6 |     6 ||    12
       Potion            |       |     4 ||     4
 Stab: Sleeping          |     3 |    10 ||    13
       Distracted        |     1 |       ||     1
Armor: Leather armour    |    10 |       ||    10
       Ring mail         |       |    14 ||    14
Dodge: Dodged            |    30 |    37 ||    67

Table legend: (Time is in decaauts)
 A = Elapsed time spent in this place.
 B = Non-inter-level travel time spent in this place.
 C = Inter-level travel time spent in this place.
 D = Time resting spent in this place.
 E = Time spent auto-exploring this place.
 F = Levels seen in this place.
 G = Mean time per level.
                   A        B        C        D        E       F      G
               +--------+--------+--------+--------+--------+-----+--------+
         Total |   2598 |   2550 |     48 |    281 |   1318 |   6 |  433.0 |
       Dungeon |   2313 |   2285 |     28 |    281 |   1081 |   5 |  462.6 |
        Temple |    284 |    264 |     20 |      0 |    237 |   1 |  284.0 |
               +--------+--------+--------+--------+--------+-----+--------+

Top non-repeatable levels by time:
     D:1: 776 daAuts
     D:4: 567 daAuts
     D:2: 531 daAuts
     D:3: 366 daAuts
  Temple: 284 daAuts
     D:5: 72 daAuts
